 Dungeon Crawl Stone Soup version 0.30.0-18-gc0e69614cb (webtiles) character file.

Game seed: 10016299451840737399

12642 Josd the Basher (level 11, -13/69 HPs)
             Began as a Gargoyle Berserker on May 23, 2023.
             Was a Believer of Trog.
             Mangled by a two-headed ogre
             ... wielding a +0 giant spiked club
              (17 damage)
             ... on level 2 of the Orcish Mines.
             The game lasted 01:09:43 (8266 turns).

Josd the Basher (Gargoyle Berserker)                Turns: 8266, Time: 01:09:47

Health: -13/69     AC: 33    Str: 26    XL:     11   Next: 96%
Magic:  11/11      EV:  8    Int:  7    God:    Trog [**....]
Gold:   517        SH: 10    Dex: 15    Spells: 10/10 levels left

rFire   . . .        w - +6 morningstar (protect)
rCold   . . .        u - +0 kite shield
rNeg    + . .        L - +0 plate armour
rPois   ∞            m - +1 helmet
rElec   +            E - +1 cloak {Stlth+}
rCorr   +            B - +0 pair of gloves
SInv    .            A - +0 pair of boots
Will    .....        F - amulet of the acrobat Stlth
                     e - ring "Vuseni" {rCorr Dex+6}
HPRegen 0.31/turn    r - +4 ring of protection
MPRegen 0.12/turn

%: acrobat
@: silenced, on berserk cooldown
A: sickness immunity, AC +8, negative energy resistance 1, electricity
resistance, torment resistance 1, petrification resistance
a: Renounce Religion


You were on level 2 of the Orcish Mines.
You worshipped Trog.
Trog was pleased with you.
You visited 2 branches of the dungeon, and saw 11 of its levels.

You collected 699 gold pieces.
You spent 182 gold pieces at shops.

Inventory:

Hand Weapons
 a - a +0 mace
 w - a +6 morningstar of protection (weapon)
 D - a +2 quarterstaff of chaos
 O - the +10 short sword "Apse" {drain, Str+2 Int+4 Stlth+}
   (You took it off a kobold on level 9 of the Dungeon)

   Str:       It affects your strength (+2).
   Int:       It affects your intelligence (+4).
   Stlth:     It makes you more stealthy.
Missiles
 c - 68 stones
 f - 5 boomerangs
 h - 3 javelins (quivered)
Armour
 m - a +1 helmet (worn)
 u - a +0 kite shield (worn)
 x - a +2 leather armour of cold resistance
 A - a +0 pair of boots (worn)
 B - a +0 pair of gloves (worn)
 E - a +1 cloak of stealth (worn)
 L - a +0 plate armour (worn)
Jewellery
 e - the ring "Vuseni" (left hand) {rCorr Dex+6}
   (You found it on level 2 of the Dungeon)

   [ring of resist corrosion]

   Dex:       It affects your dexterity (+6).
   rCorr:     It protects you from acid and corrosion.
 r - a +4 ring of protection (right hand)
 s - a ring of fire
 F - an amulet of the acrobat (around neck)
Wands
 y - a wand of flame (12)
 C - a wand of digging (6)
 M - a wand of iceblast (13)
Scrolls
 j - 4 scrolls of amnesia {unknown}
 H - 3 scrolls of magic mapping {unknown}
 K - a scroll of vulnerability
 N - a scroll of identify
Potions
 d - 3 potions of lignification
 g - 2 potions of flight {unknown}
 k - 2 potions of curing
 l - a potion of might {unknown}
 q - 2 potions of brilliance
 t - a potion of heal wounds {unknown}
 z - a potion of resistance
 G - a potion of attraction
 J - a potion of cancellation
 P - a potion of mutation {unknown}


   Skills:
 + Level 8.7 Fighting
 + Level 13.2 Maces & Flails
 + Level 1.5 Throwing
 + Level 8.0 Armour
 + Level 4.6 Dodging
 + Level 3.0 Stealth
 + Level 7.3 Shields


You had 10 spell levels left.
You didn't know any spells.
Your spell library contained the following spells:

 Spells                   Type           Power      Damage    Failure   Level
 Portal Projectile        Hex/Tloc       0%         N/A       100%        3
 Tukima's Dance           Hex            0%         N/A       100%        3
 Blade Hands              Tmut           0%         N/A       100%        5


Dungeon Overview and Level Annotations

Branches:
Dungeon (9/15)             Temple (0/1) D:6             Orc (2/2) D:9
    Elf (0/3) Orc:2
   Lair: D:8-11

Altars:
Ashenzari
Cheibriados
Elyvilon
Gozag
Okawaru
Trog
Uskayaw
Wu Jian
Yredelemnul
The Shining One

Shops:
D:4 *   D:8 *   Orc:1 (   Orc:2 [[*:


Innate Abilities, Weirdness & Mutations

You are immune to sickness and miasma.
Your stone body is resilient. (AC +8)
You are immune to poison.
You resist negative energy. (rN+)
You are resistant to electric shocks. (rElec)
You are resistant to unholy torment.
You are immune to petrification.


Message History

The ogre mage flickers and vanishes!
You hear some strange, mumbled words.
The ogre seems to speed up.
You hear a shout!
There is a stone staircase leading up here.
You can't go down here!
You hear some strange, mumbled words.
The two-headed ogre hits you with a +0 giant club.
* * * LOW HITPOINT WARNING * * *
The two-headed ogre hits you but does no damage.
You climb upwards.
The warg howls!
The orc warrior shouts!
The orc shouts!
The orc priest shouts!
The orc warrior shouts!
The orc shouts! x3
Reactivating autopickup.
You hear a shout! x2
Found 47 gold pieces.
There is a stone staircase leading down here.
You can't go up here!
The two-headed ogre hits you but does no damage.
You block the two-headed ogre's attack.
You climb downwards.
You hear some strange, mumbled words.
The ogre seems to speed up.
The two-headed ogre hits you with a +0 giant club.
* * * LOW HITPOINT WARNING * * *
The two-headed ogre barely misses you. The two-headed ogre closely misses you.
The two-headed ogre barely misses you.
The two-headed ogre hits you but does no damage. x2
You block something's attack.
Deactivating autopickup; reactivate with Ctrl-A.
You block the two-headed ogre's attack.
The two-headed ogre hits you but does no damage.
There is a stone staircase leading up here.
As you read the scroll labelled CIMEGI PEG MOA, it crumbles to dust.
A profound silence engulfs you.
It was a scroll of silence.
The two-headed ogre closely misses you.
The two-headed ogre hits you but does no damage.
An orc wizard comes into view. It is wielding a +0 dagger.
The two-headed ogre hits you with a +0 giant spiked club!
You die...

##.#.## # #.....#
..### ##)..##
....####{..# ##
......#).)##
#.####.O..O.))).#
oo#...O...##.)##
#. #OOO.OO...####
#...#O@OO#.O.#.#
.......OOOo......
..###.
.........o.......
...#..
.########Oo######
#..... #


.ooOO #.... .## O.Oo.... #...# ..# oo...........#.... .# ....∩∩............. ##
.....∩∩...... ....<. You could see 10 two-headed ogres, an ogre mage, 7 ogres, 2
orc priests, 2 orc wizards and 4 orcs.

Vanquished Creatures
  6 two-headed ogres
  A skeletal warrior (D:7)
  An ugly thing (D:8)
  An orc sorcerer (Orc:1)
  Maggie (D:6)
  An unseen horror zombie (D:8)
  A troll (D:7)
  Sigmund (D:3)
  A shadow (D:9)
  12 yaks (D:8)
  A wyvern (D:8)
  Grum (D:8)
  3 steam dragons
  Eustachio (D:6)
  4 wargs
  4 sky beasts
  Duvessa (D:7)
  2 ice beasts (D:7)
  8 ogres
  An orc warrior (Orc:2)
  2 black bears
  4 wolves (D:8)
  2 centaurs
  A phantom (D:4)
  3 kobold brigands
  A bullfrog (D:8)
  A gnoll sergeant (D:9)
  A scorpion (D:7)
  Dowan (D:7)
  9 killer bees
  3 howler monkeys
  A crimson imp (D:8)
  A hound (D:5)
  2 orc priests
  5 jellies
  Crazy Yiuf (D:6)
  An iguana (D:6)
  5 orc wizards
  Natasha (D:3)
  A mummy (D:7)
  A howler monkey zombie (D:8)
  Robin (D:3)
  4 gnolls (D:9)
  An adder (D:5)
  2 white imps
  2 ufetubi
  3 worms (D:4)
  2 dart slugs (D:4)
  24 orcs
  5 endoplasms
  3 giant cockroaches
  17 goblins
  16 hobgoblins
  17 kobolds
  A quokka (D:2)
  4 ball pythons
  7 bats
  4 frilled lizards
  9 rats
221 creatures vanquished.

Vanquished Creatures (others)
  An orc (Orc:2)
1 creature vanquished.

Grand Total: 222 creatures vanquished

Notes
Turn   | Place    | Note
-------+----------+-------------------------------------------
     0 | D:1      | Josd the Gargoyle Berserker began the quest for the Orb.
     0 | D:1      | Reached XP level 1. HP: 14/14 MP: 1/1
   136 | D:1      | You fall into a shaft and drop 1 floor!
   155 | D:2      | Identified the ring "Vuseni" {rCorr Dex+6}
   244 | D:2      | Reached XP level 2. HP: 16/19 MP: 2/2
   573 | D:1      | Reached XP level 3. HP: 24/24 MP: 3/3
   933 | D:2      | Reached ** piety under Trog
  1338 | D:3      | Identified the +0 helmet "Zenig" {rC+ Str+5 Int-4 SInv}
  1338 | D:3      | Noticed Robin
  1338 | D:3      | Noticed a black bear
  1339 | D:3      | Noticed Sigmund
  1497 | D:3      | Reached XP level 4. HP: 29/29 MP: 4/4
  1609 | D:3      | Killed Robin
  1610 | D:3      | Reached skill level 4 in Maces & Flails
  1692 | D:3      | Reached XP level 5. HP: 33/33 MP: 5/5
  1882 | D:3      | Killed Sigmund
  1883 | D:3      | Reached skill level 5 in Maces & Flails
  1883 | D:3      | Reached XP level 6. HP: 39/39 MP: 6/6
  1893 | D:3      | Killed a black bear
  2149 | D:3      | Noticed Natasha
  2161 | D:3      | Killed Natasha
  2162 | D:3      | Reached XP level 7. HP: 44/44 MP: 7/7
  2695 | D:4      | Found Durol's Assorted Antiques.
  2744 | D:4      | Noticed a moth of wrath
  2747 | D:4      | Found a bloodstained altar of Trog.
  3176 | D:5      | Entered Level 5 of the Dungeon
  3332 | D:6      | Noticed Eustachio
  3389 | D:4      | Bought a runed morningstar for 182 gold pieces
  3807 | D:5      | Reached skill level 1 in Shields
  3907 | D:5      | Found an ornate altar of the Wu Jian Council.
  4193 | D:5      | Found a hide-covered altar of Uskayaw.
  4296 | D:6      | Killed Eustachio
  4297 | D:6      | Reached skill level 6 in Maces & Flails
  4297 | D:6      | Reached skill level 5 in Armour
  4297 | D:6      | Reached XP level 8. HP: 48/48 MP: 8/8
  4316 | D:6      | Found a staircase to the Ecumenical Temple.
  4458 | D:6      | Reached skill level 5 in Fighting
  4604 | D:6      | Noticed Maggie
  4616 | D:6      | Killed Maggie
  4617 | D:6      | Reached skill level 7 in Maces & Flails
  4617 | D:6      | Reached skill level 1 in Stealth
  4780 | D:6      | Found a runed translucent door.
  4781 | D:6      | Noticed Crazy Yiuf
  4787 | D:6      | Killed Crazy Yiuf
  5076 | D:7      | Found a snail-covered altar of Cheibriados.
  5104 | D:7      | Found a glowing golden altar of the Shining One.
  5154 | D:7      | Reached XP level 9. HP: 54/54 MP: 9/9
  5298 | D:7      | Reached skill level 8 in Maces & Flails
  5340 | D:7      | Noticed Duvessa
  5343 | D:7      | Noticed Dowan
  5345 | D:7      | Found an iron altar of Okawaru.
  5352 | D:7      | Killed Duvessa
  5359 | D:7      | Killed Dowan
  5674 | D:7      | Noticed a skeletal warrior
  5689 | D:7      | Killed a skeletal warrior
  5690 | D:7      | Reached skill level 9 in Maces & Flails
  5690 | D:7      | Reached skill level 1 in Throwing
  5714 | D:7      | Noticed a troll
  5755 | D:7      | Killed a troll
  6023 | D:8      | Reached XP level 10. HP: 61/61 MP: 10/10
  6032 | D:8      | Reached skill level 10 in Maces & Flails
  6049 | D:8      | Noticed Grum
  6060 | D:8      | Killed Grum
  6283 | D:8      | Noticed a green ugly thing
  6292 | D:8      | Killed a green ugly thing
  6293 | D:8      | Reached skill level 11 in Maces & Flails
  6690 | D:8      | Reached skill level 5 in Shields
  6717 | D:8      | Found a broken altar of Ashenzari.
  6774 | D:8      | Found an opulent altar of Gozag.
  6778 | D:8      | Found Gozag's Platinum Reserve.
  6883 | D:8      | Reached XP level 11. HP: 64/67 MP: 11/11
  6950 | D:8      | Reached skill level 12 in Maces & Flails
  6957 | D:8      | Found a basalt altar of Yredelemnul.
  7244 | D:9      | Found a staircase to the Orcish Mines.
  7273 | D:9      | Identified the +10 short sword "Apse" {drain, Str+2 Int+4
                  | Stlth+}
  7298 | D:9      | Found a white marble altar of Elyvilon.
  7681 | D:9      | Noticed a two-headed ogre
  7692 | D:9      | Killed a two-headed ogre
  7782 | D:9      | Noticed a two-headed ogre
  7791 | D:9      | Killed a two-headed ogre
  7847 | Orc:1    | Entered Level 1 of the Orcish Mines
  7902 | Orc:1    | Found Ylilifiq's Antique Weapon Shoppe.
  7984 | Orc:1    | Noticed an orc sorcerer
  7996 | Orc:1    | Killed an orc sorcerer
  8099 | Orc:2    | Entered Level 2 of the Orcish Mines
  8146 | Orc:2    | Noticed a two-headed ogre
  8153 | Orc:2    | Found a staircase to the Elven Halls.
  8164 | Orc:2    | Killed a two-headed ogre
  8170 | Orc:2    | Noticed a two-headed ogre
  8171 | Orc:2    | Noticed an ogre mage
  8173 | Orc:2    | Noticed an orc knight
  8188 | Orc:2    | HP: 3/68 [orc warrior/+0 heavy long sword[an orc knight]
                  | (10)]
  8188 | Orc:2    | Noticed a two-headed ogre
  8203 | Orc:2    | Killed a two-headed ogre
  8205 | Orc:2    | Noticed a two-headed ogre
  8217 | Orc:2    | Killed a two-headed ogre
  8218 | Orc:2    | Reached skill level 13 in Maces & Flails
  8227 | Orc:2    | Noticed a two-headed ogre
  8227 | Orc:2    | Noticed a two-headed ogre
  8229 | Orc:2    | Noticed an ogre mage
  8234 | Orc:2    | Noticed a two-headed ogre
  8243 | Orc:2    | Killed a two-headed ogre
  8249 | Orc:2    | Noticed a two-headed ogre
  8249 | Orc:2    | Noticed a two-headed ogre
  8250 | Orc:2    | Noticed an ogre mage
  8253 | Orc:2    | Noticed an ogre mage
  8254 | Orc:2    | Noticed a two-headed ogre
  8256 | Orc:2    | Noticed a two-headed ogre
  8256 | Orc:2    | Noticed a two-headed ogre
  8259 | Orc:2    | Found Tutruh's Antique Armour Emporium.
  8259 | Orc:2    | Found Vuezej's General Store.
  8259 | Orc:2    | Found Haulun's Armour Shop.
  8259 | Orc:2    | Found Guogag's Book Shoppe.
  8259 | Orc:2    | Noticed a two-headed ogre
  8259 | Orc:2    | Noticed a two-headed ogre
  8266 | Orc:2    | Mangled by a two-headed ogre

Illustrated notes

Levels and vault maps discovered:
D:1:      tarquinn_simple_flora_water_c, layout_basic
D:2:      layout_loops_ring
D:3:      minmay_angry_zag, layout_rooms, uniq_natasha, uniq_sigmund, uniq_robin
D:4:      layout_loops_ring, tgw_trog, serial_shops,
          nicolae_shop_real_fake_doors
D:5:      layout_basic, mainiacjoe_overflow_surrounded_room,
          nicolae_overflow_hidden_temple
D:6:      nicolae_cairo_tiling_very_big, layout_gridville, uniq_maggie,
          uniq_crazy_yiuf_cottage, uniq_eustachio
D:7:      layout_rooms, okawaru_trees_1, slow_altar_2, tso_metal_star,
          wad_mini_maze, uniq_duvessa
D:8:      layout_basic, mainiacjoe_overflow_six_doors_small,
          nicolae_gozag_zags_fifth_avenue, lemuel_zombie_altar_yredelemnul,
          minmay_misc_feat_roman, grunt_ministairs_14, minmay_fire_ice_demons,
          uniq_grum
D:9:      layout_loops_ring, mainiacjoe_overflow_boulevard,
          minmay_orc_entry_guard_dogs
Orc:1:    layout_caves, serial_shops, nicolae_shop_peninsula, abandoned_shop,
          minmay_orc_temple_a
Orc:2:    st_orc_ogre_mass, layout_caves, serial_shops, nicolae_shop_crystal

Skill      XL: |  1  2  3  4  5  6  7  8  9 10 11 |
---------------+----------------------------------+-----
Dodging        | 2 3 4 |  4.6
Fighting       | 4 5 6 7 8 |  8.7
Maces & Flails | 4 5 6 7 9 11 13 | 13.2
Armour         | 3 5 6 7 8 |  8.0
Shields        | 1 2 4 5 7 |  7.3
Stealth        | 1 2 3 |  3.0
Throwing       | 1 |  1.5

Action                     |  1- 3 |  4- 6 |  7- 9 | 10-12 || total
---------------------------+-------+-------+-------+-------++-------
  Melee: Mace              |   127 |    91 |    67 |       ||   285
         Morningstar       |       |       |   188 |   275 ||   463
  Throw: Javelin           |       |       |     9 |     1 ||    10
 Invoke: Berserk           |     2 |     4 |    12 |    14 ||    32
         Trog's Hand       |     1 |     4 |     2 |     5 ||    12
    Use: Scroll            |     5 |       |    11 |     6 ||    22
         Potion            |     1 |     1 |     1 |     5 ||     8
   Stab: Sleeping          |       |       |     2 |       ||     2
         Invisible         |       |       |       |     3 ||     3
 Armour: Animal skin       |    33 |       |       |       ||    33
         Scale mail        |    70 |    93 |   110 |       ||   273
         Swamp dragon scal |       |       |    33 |       ||    33
         Plate armour      |       |       |    26 |   201 ||   227
  Dodge: Dodged            |   151 |   111 |   139 |   112 ||   513
  Block: Kite shield       |       |       |   111 |   150 ||   261
